 Dungeon Crawl Stone Soup version 0.31-a0-1206-g41278d8d1d (webtiles) character file.

Game seed: 10390507422764860631

389 dialectric the Covered (level 6, 0/56 HPs)
             Began as a Minotaur Fighter on Dec 13, 2023.
             Was an Initiate of Qazlal.
             Succumbed to an orc's poison
             ... on level 2 of the Dungeon.
             The game lasted 00:03:29 (3100 turns).

dialectric the Covered (Minotaur Fighter)           Turns: 3100, Time: 00:03:29

Health: 0/56       AC: 10    Str: 19 (20) XL:     6   Next: 49%
Magic:  5/5        EV: 10    Int:  2 (5)  God:    Qazlal [......]
Gold:   166        SH:  0    Dex: 11 (12) Spells: 5/5 levels left

rFire   . . .        a - +0 flail
rCold   . . .        (no shield)
rNeg    . . .        b - +0 scale mail
rPois   .            (helmet restricted)
rElec   .            (no cloak)
rCorr   .            (no gloves)
SInv    .            s - +2 pair of boots {Stlth+}
Will    .....        (no amulet)
Stlth   +            (no ring)
HPRegen 0.29/turn    (no ring)
MPRegen 0.09/turn

%: no passive effects
@: lethally poisoned (0 -> -3)
A: horns 2, retaliatory headbutt, wild magic 1, noise suppression
a: Renounce Religion


You were on level 2 of the Dungeon.
You worshipped Qazlal.
Qazlal was noncommittal.
You visited 2 branches of the dungeon, and saw 6 of its levels.

You collected 166 gold pieces.

Inventory:

Hand Weapons
 a - a +0 flail (weapon)
Missiles
 u - 8 poisoned darts (quivered)
Armour
 b - a +0 scale mail (worn)
 c - a +0 buckler
 i - a +0 chain mail
 s - a +2 pair of boots of stealth (worn)
Scrolls
 e - 2 scrolls of immolation {unknown}
 f - a scroll of revelation {unknown}
 g - 4 scrolls of noise {unknown}
 h - a scroll of enchant weapon {unknown}
 j - a scroll of teleportation {unknown}
 m - a scroll of poison {unknown}
 n - 3 scrolls of vulnerability {unknown}
 o - a scroll of fear {unknown}
 t - 2 scrolls of identify {unknown}
Potions
 d - 4 potions of might
 k - 2 potions of curing {unknown}
 l - a potion of ambrosia {unknown}
 p - a potion of degeneration
 q - a potion of mutation
 r - a potion of enlightenment {unknown}


   Skills:
 + Level 5.4 Fighting
 + Level 4.7 Maces & Flails
 + Level 5.4 Armour
 + Level 3.4 Dodging
 - Level 3.6 Shields


You had 5 spell levels left.
You didn't know any spells.
Your spell library contained the following spells:

 Spells                   Type           Power      Damage    Failure   Level
 Slow                     Hex            0%         N/A       92%         1
 Ensorcelled Hibernation  Hex/Ice        0%         N/A       97%         2
 Jinxbite                 Hex            0%         N/A       97%         2
 Confusing Touch          Hex            0%         N/A       100%        3
 Hailstorm                Conj/Ice       0%         3d5       100%        3
 Sigil of Binding         Hex            0%         N/A       100%        3
 Vampiric Draining        Necr           0%         2d6       100%        3
 Anguish                  Hex/Necr       0%         N/A       100%        4
 Summon Ice Beast         Ice/Summ       0%         N/A       100%        4
 Simulacrum               Ice/Necr       0%         N/A       100%        6


Dungeon Overview and Level Annotations

Branches:
Dungeon (5/15)             Temple (1/1) D:4

Altars:
Ashenzari
Cheibriados
Dithmenos
Elyvilon
Fedhas
Kikubaaqudgha
Makhleb
Okawaru
Qazlal
Sif Muna
Trog
Uskayaw
Vehumet
Xom
Yredelemnul
Zin
The Shining One

Annotations:
D:2 Grinder
D:3 Robin


Innate Abilities, Weirdness & Mutations

You have a pair of horns on your head.
You reflexively headbutt those who attack you in melee.
Your spells are a little harder to cast, but a little more powerful.
You passively dampen the noise of your surroundings.


Message History

You are more poisoned.
You hear some strange, mumbled words.
A puff of flame appears from out of thin air!
The puff of flame misses you.
The puff of flame hits the orc!
The orc dies!
You feel very sick. Grinder gestures at you.
Things that are here:
a +0 club; a frilled lizard corpse Unknown command.
You barely miss something.
You feel very sick.
You sock something!
You feel very sick.
Unknown command.
You feel sick. Grinder attacks as she pursues you! Grinder barely misses you.
There is a stone staircase leading up, spattered with blood here.
You feel sick. Grinder hits you!
* * * LOW HITPOINT WARNING * * *
You writhe in agony.
* * * LOW HITPOINT WARNING * * *
You climb upwards.
Reactivating autopickup.
* * * LOW HITPOINT WARNING * * *
You feel sick.
There is a stone staircase leading down, spattered with blood here.
Unknown command.
Unknown command.
It was a potion of mutation.
You feel extremely strange.
You feel less in control of your magic.
You feel your surroundings grow quieter.
* * * LOW HITPOINT WARNING * * *
You feel sick. Grinder gestures at you. Pain shoots through your body!
* * * LOW HITPOINT WARNING * * *
It was a potion of degeneration.
There was something very wrong with that liquid.
You feel weakened.
You feel dopey.
You feel clumsy.
You die...

#.# ##.# #.## #..#
#.###.## ##.### #..#
#.#..## ##..# #..#
#.#.#.## ##.#.# #..#
#....#.###.##.###..#
#.......#..#.......#
#
###...##............#
#
#.........###.[######
# #.##รท###### #@.# #
#.##.# #5)# # #.##.#
#..# # #.##.## #..# #
#.#...#######..# #
#..###.........#
####.## ##.#####.##
.....# #.....#.#
####.## ##.###.#.#


You could see Grinder.

Vanquished Creatures
  A kobold brigand (D:4)
  2 jellies (D:4)
  An iguana (D:4)
  Natasha (D:2)
  2 orc wizards
  6 adders
  A gnoll (D:1)
  4 worms
  2 dart slugs
  8 orcs
  11 endoplasms
  3 giant cockroaches
  A goblin (D:3)
  8 hobgoblins
  3 jackals (D:1)
  A quokka (D:2)
  3 ball pythons
  4 bats
  5 frilled lizards
  10 kobolds
  3 rats
80 creatures vanquished.

Vanquished Creatures (others)
  An orc (D:3)
1 creature vanquished.

Grand Total: 81 creatures vanquished

Notes
Turn   | Place    | Note
-------+----------+-------------------------------------------
     0 | D:1      | dialectric the Minotaur Fighter began the quest for the
                  | Orb.
     0 | D:1      | Reached XP level 1. HP: 19/19 MP: 0/0
    51 | D:1      | Reached XP level 2. HP: 27/27 MP: 1/1
   247 | D:1      | Reached skill level 1 in Dodging
   634 | D:1      | Reached XP level 3. HP: 32/33 MP: 2/2
  1184 | D:2      | Found an ancient bone altar of Kikubaaqudgha.
  1359 | D:2      | Reached XP level 4. HP: 30/40 MP: 3/3
  1554 | D:3      | Noticed Grinder
  1556 | D:3      | Found a bloodstained altar of Trog.
  1556 | D:3      | Noticed Natasha
  1637 | D:3      | Noticed Robin
  1955 | D:4      | Found a staircase to the Ecumenical Temple.
  1969 | D:5      | Entered Level 5 of the Dungeon
  2108 | Temple   | Entered the Ecumenical Temple
  2139 | Temple   | Became a worshipper of Qazlal Stormbringer
  2278 | D:4      | Reached XP level 5. HP: 29/47 MP: 4/4
  2428 | D:4      | Found a radiant altar of Vehumet.
  2428 | D:4      | Found a shimmering blue altar of Sif Muna.
  2428 | D:4      | Found an iron altar of Okawaru.
  2428 | D:4      | Found a broken altar of Ashenzari.
  2428 | D:4      | Found a basalt altar of Yredelemnul.
  2428 | D:4      | Found an iron altar of Okawaru.
  2687 | D:4      | Reached skill level 5 in Fighting
  2687 | D:4      | Reached skill level 5 in Armour
  2687 | D:4      | Reached XP level 6. HP: 56/56 MP: 5/5
  3081 | D:2      | Killed Natasha
  3099 | D:2      | Gained mutation: Your spells are a little harder to cast,
                  | but a little more powerful. [potion of mutation]
  3099 | D:2      | Gained mutation: You passively dampen the noise of your
                  | surroundings. [potion of mutation]
  3099 | D:2      | HP: 1/56 [Grinder/nerve-wracking pain (2)]
  3100 | D:2      | Succumbed to an orc's poison

Illustrated notes

Levels and vault maps discovered:
D:1:      lemuel_arrival_lava_pool, layout_basic
D:2:      layout_loops_ring, basic_altar, kennysheep_generic_room_15
D:3:      layout_loops_cross, nicolae_ru_great_annihilating_truth,
          mainiacjoe_overflow_small_starburst, basic_ecumenical_altar,
          kennysheep_generic_room_4, uniq_robin, uniq_grinder, uniq_natasha
D:4:      cheibrodos_fertilizer, layout_loops_ring,
          minmay_temple_entry_water_ring
D:5:      lemuel_ice_spiral_2, layout_basic
Temple:   regret_index_temple_waves

Skill      XL: |  1  2  3  4  5 |
---------------+----------------+-----
Dodging        | 1 2 3 |  3.4
Fighting       | 4 5 |  5.4
Maces & Flails | 3 4 |  4.7
Armour         | 4 5 |  5.4
Shields        | |  3.6

Action                     |  1- 3 |  4- 6 || total
---------------------------+-------+-------++-------
  Melee: Flail             |    81 |   137 ||   218
         Headbutt          |     6 |    20 ||    26
         Punch             |       |     1 ||     1
    Use: Potion            |       |     2 ||     2
 Armour: Scale mail        |    57 |   141 ||   198
  Dodge: Dodged            |    50 |    91 ||   141

Table legend: (Time is in decaauts)
 A = Elapsed time spent in this place.
 B = Non-inter-level travel time spent in this place.
 C = Inter-level travel time spent in this place.
 D = Time resting spent in this place.
 E = Time spent auto-exploring this place.
 F = Levels seen in this place.
 G = Mean time per level.
                   A        B        C        D        E       F      G
               +--------+--------+--------+--------+--------+-----+--------+
         Total |   3168 |   3041 |    127 |     82 |   2270 |   6 |  528.0 |
       Dungeon |   3106 |   3030 |     76 |     82 |   2270 |   5 |  621.2 |
        Temple |     62 |     11 |     51 |      0 |      0 |   1 |   62.0 |
               +--------+--------+--------+--------+--------+-----+--------+

Top non-repeatable levels by time:
     D:4: 1159 daAuts
     D:1: 841 daAuts
     D:2: 817 daAuts
     D:3: 253 daAuts
  Temple: 62 daAuts
     D:5: 34 daAuts
